TOP OF THE 1ST |
Trois-Riveres Aigles batting - Pitching for Winnipeg Goldeyes : RHP Ryan Kraemer
|
Pitching: RHP Ryan Kraemer
|
|
Batting: SHB Josif Popovski
|
0-0: Fly out, F8 (Flyball, 8RM, EV 75.0 MPH)
|
Batting: LHB Edgar Quinto
|
0-0: Called Strike 0-1: Called Strike 0-2: Ball 1-2: Strikes out swinging
|
Batting: RHB Alistair Holmes
|
0-0: Ball 1-0: Called Strike 1-1: Foul Ball, location: 2F 1-2: Ball 2-2: Ball 3-2: SINGLE (Line Drive, 78S, EV 99.4 MPH)
|
Batting: SHB Derek Weaver
|
0-0: Foul Ball, location: 2F 0-1: Ball 1-1: Swinging Strike 1-2: Strikes out looking
|
Top of the 1st over - 0 runs, 1 hit, 0 errors, 1 left on base; Trois-Riveres 0 - Winnipeg 0 |
BOTTOM OF THE 1ST |
Winnipeg Goldeyes batting - Pitching for Trois-Riveres Aigles : RHP Benedict Cucumberpatch
|
Pitching: RHP Benedict Cucumberpatch
|
|
Batting: RHB Mike Berzins
|
0-0: Foul Ball, location: 2F 0-1: SOLO HOME RUN (Flyball, 7D, EV 96.9 MPH), Distance : 386 ft
|
Batting: SHB Rodrigo Mendoza
|
0-0: Called Strike 0-1: Foul Ball, location: 2F 0-2: Ball 1-2: Strikes out swinging
|
Batting: SHB Victor Turrubiate
|
0-0: Foul Ball, location: 2F 0-1: Ball 1-1: Foul Ball, location: 2F 1-2: Ground out 4-3 (Groundball, 4S, EV 83.1 MPH)
|
Batting: SHB Tim Lloyd
|
0-0: Ball 1-0: Ball 2-0: Ball 3-0: Base on Balls
|
Batting: RHB Itocravo Arrochela
|
0-0: Foul Ball, location: 2F 0-1: SINGLE (Line Drive, 3D, EV 100.6 MPH) Tim Lloyd to second
|
Batting: RHB Mitsuhiro Kobayashi
|
0-0: Ball 1-0: Swinging Strike 1-1: Ball 2-1: Foul Ball, location: 2F 2-2: TRIPLE (Flyball, 9LD, EV 109.4 MPH) Tim Lloyd scores Itocravo Arrochela scores
|
Batting: RHB Yu-zeng Mai
|
0-0: Swinging Strike 0-1: Called Strike 0-2: Ball 1-2: Strikes out looking
|
Bottom of the 1st over - 3 runs, 3 hits, 0 errors, 1 left on base; Trois-Riveres 0 - Winnipeg 3 |
TOP OF THE 2ND |
Trois-Riveres Aigles batting - Pitching for Winnipeg Goldeyes : RHP Ryan Kraemer
|
Batting: RHB John Garland
|
0-0: Ball 1-0: Foul Ball, location: 2F 1-1: Called Strike 1-2: Strikes out swinging
|
Batting: SHB Shafeeq bin Haytham
|
0-0: Ball 1-0: Foul Ball, location: 2F 1-1: Ball 2-1: Ball 3-1: Called Strike 3-2: Base on Balls
|
Batting: SHB Paul Dupuis
|
0-0: Ball 1-0: Called Strike 1-1: Ball 2-1: Ball 3-1: Fly out, F9 (Flyball, 89M, EV 86.9 MPH)
|
Batting: RHB Danny Mota
|
0-0: Ground out 4-3 (Groundball, 4, EV 81.9 MPH)
|
Top of the 2nd over - 0 runs, 0 hits, 0 errors, 1 left on base; Trois-Riveres 0 - Winnipeg 3 |
BOTTOM OF THE 2ND |
Winnipeg Goldeyes batting - Pitching for Trois-Riveres Aigles : RHP Benedict Cucumberpatch
|
Batting: SHB Andy Ehrsam
|
0-0: Foul Ball, location: 2F 0-1: Ball 1-1: Ball 2-1: Fly out, F9 (Flyball, 89D, EV 95.6 MPH)
|
Batting: RHB Justin Palko
|
0-0: Ball 1-0: Fly out, F8 (Flyball, 8RXD, EV 84.4 MPH)
|
Batting: RHB Mike Berzins
|
0-0: Called Strike 0-1: Ball 1-1: Ball 2-1: Called Strike 2-2: SINGLE (Flyball, 5D, EV 85.6 MPH)
|
Batting: SHB Rodrigo Mendoza
|
0-0: Ball 1-0: Ball 2-0: Ball 3-0: Base on Balls Mike Berzins to second
|
Batting: SHB Victor Turrubiate
|
0-0: Ball 1-0: Ball 2-0: Ball 3-0: Base on Balls Mike Berzins to third Rodrigo Mendoza to second
|
Batting: SHB Tim Lloyd
|
0-0: Ball 1-0: Ball 2-0: Ball 3-0: Called Strike 3-1: Base on Balls Mike Berzins scores Rodrigo Mendoza to third Victor Turrubiate to second
|
Batting: RHB Itocravo Arrochela
|
0-0: Ball 1-0: Foul Ball, location: 2F 1-1: Ball 2-1: Ball 3-1: SINGLE (Line Drive, 4MD, EV 110.0 MPH) Rodrigo Mendoza scores Victor Turrubiate to third Tim Lloyd to second
|
Pitching: RHP Andrew Wilson
|
|
Batting: RHB Mitsuhiro Kobayashi
|
0-0: Ball 1-0: Called Strike 1-1: Single, Error in OF, E8, batter to second base (Line Drive, 4M, EV 100.0 MPH) Victor Turrubiate scores Tim Lloyd scores Itocravo Arrochela to third
|
Batting: RHB Yu-zeng Mai
|
0-0: Ground out 5-3 (Groundball, 5, EV 80.6 MPH)
|
Bottom of the 2nd over - 4 runs, 3 hits, 1 error, 2 left on base; Trois-Riveres 0 - Winnipeg 7 |
TOP OF THE 3RD |
Trois-Riveres Aigles batting - Pitching for Winnipeg Goldeyes : RHP Ryan Kraemer
|
Batting: SHB Aaron Ruscigno
|
0-0: Ground out 4-3 (Groundball, 4M, EV 86.2 MPH)
|
Batting: SHB Josif Popovski
|
0-0: Ball 1-0: Foul Ball, location: 2F 1-1: Ball 2-1: Called Strike 2-2: Foul Ball, location: 2F 2-2: Foul Ball, location: 2F 2-2: Ground out 2-3 (Groundball, 2L, EV 63.1 MPH)
|
Batting: LHB Edgar Quinto
|
0-0: Ball 1-0: SINGLE (Groundball, 34D, EV 101.9 MPH)
|
Batting: RHB Alistair Holmes
|
0-0: Fly out, F6 (Flyball, 6MD, EV 86.2 MPH)
|
Top of the 3rd over - 0 runs, 1 hit, 0 errors, 1 left on base; Trois-Riveres 0 - Winnipeg 7 |
BOTTOM OF THE 3RD |
Winnipeg Goldeyes batting - Pitching for Trois-Riveres Aigles : RHP Andrew Wilson
|
Batting: SHB Andy Ehrsam
|
0-0: Ball 1-0: Called Strike 1-1: Ball 2-1: Foul Ball, location: 2F 2-2: Strikes out swinging
|
Batting: RHB Justin Palko
|
0-0: Ball 1-0: Ball 2-0: Called Strike 2-1: Foul Ball, location: 2F 2-2: Ball 3-2: Strikes out looking
|
Batting: RHB Mike Berzins
|
0-0: Called Strike 0-1: Called Strike 0-2: Ball 1-2: Ball 2-2: Fly out, F4 (Popup, 34, EV 64.4 MPH)
|
Bottom of the 3rd over - 0 runs, 0 hits, 0 errors, 0 left on base; Trois-Riveres 0 - Winnipeg 7 |
TOP OF THE 4TH |
Trois-Riveres Aigles batting - Pitching for Winnipeg Goldeyes : RHP Ryan Kraemer
|
Batting: SHB Derek Weaver
|
0-0: Called Strike 0-1: Ball 1-1: Ball 2-1: Ball 3-1: Base on Balls
|
Batting: RHB John Garland
|
0-0: Foul Ball, location: 2F 0-1: Ball 1-1: Foul Ball, location: 2F 1-2: Ball 2-2: Foul Ball, location: 2F 2-2: Grounds into double play, 6-4-3 (Groundball, 6, EV 81.9 MPH)
|
Batting: SHB Shafeeq bin Haytham
|
0-0: Fly out, F8 (Flyball, 8LXD, EV 96.2 MPH)
|
Top of the 4th over - 0 runs, 0 hits, 0 errors, 0 left on base; Trois-Riveres 0 - Winnipeg 7 |
BOTTOM OF THE 4TH |
Winnipeg Goldeyes batting - Pitching for Trois-Riveres Aigles : RHP Andrew Wilson
|
Batting: SHB Rodrigo Mendoza
|
0-0: Swinging Strike 0-1: Foul Ball, location: 2F 0-2: Ball 1-2: Foul Ball, location: 2F 1-2: Fly out, F5 (Popup, 56S, EV 74.4 MPH)
|
Batting: SHB Victor Turrubiate
|
0-0: Called Strike 0-1: Ball 1-1: Foul Ball, location: 2F 1-2: Fly out, F9 (Flyball, 89M, EV 79.4 MPH)
|
Batting: SHB Tim Lloyd
|
0-0: Ball 1-0: Foul Ball, location: 2F 1-1: Ball 2-1: Foul Ball, location: 2F 2-2: Strikes out looking
|
Bottom of the 4th over - 0 runs, 0 hits, 0 errors, 0 left on base; Trois-Riveres 0 - Winnipeg 7 |
TOP OF THE 5TH |
Trois-Riveres Aigles batting - Pitching for Winnipeg Goldeyes : RHP Ryan Kraemer
|
Batting: SHB Paul Dupuis
|
0-0: Ball 1-0: SINGLE (Line Drive, 7S, EV 93.8 MPH)
|
Batting: RHB Danny Mota
|
0-0: Ball 1-0: Ball 2-0: Called Strike 2-1: Foul Ball, location: 2F 2-2: Grounds into double play, 6-4-3 (Groundball, 6S, EV 90.6 MPH)
|
Batting: SHB Aaron Ruscigno
|
0-0: Ball 1-0: Called Strike 1-1: Fly out, F5 (Popup, 25, EV 83.8 MPH)
|
Top of the 5th over - 0 runs, 1 hit, 0 errors, 0 left on base; Trois-Riveres 0 - Winnipeg 7 |
BOTTOM OF THE 5TH |
Winnipeg Goldeyes batting - Pitching for Trois-Riveres Aigles : RHP Andrew Wilson
|
Batting: RHB Itocravo Arrochela
|
0-0: Foul Ball, location: 2F 0-1: Ground out 5-3 (Groundball, 56, EV 85.6 MPH)
|
Batting: RHB Mitsuhiro Kobayashi
|
0-0: Called Strike 0-1: Called Strike 0-2: Strikes out looking
|
Batting: RHB Yu-zeng Mai
|
0-0: Ball 1-0: Ball 2-0: Ball 3-0: Base on Balls
|
Batting: SHB Andy Ehrsam
|
0-0: Called Strike 0-1: Ball 1-1: Foul Ball, location: 2F 1-2: Fly out, F8 (Flyball, 89D, EV 90.0 MPH)
|
Bottom of the 5th over - 0 runs, 0 hits, 0 errors, 1 left on base; Trois-Riveres 0 - Winnipeg 7 |
TOP OF THE 6TH |
Trois-Riveres Aigles batting - Pitching for Winnipeg Goldeyes : RHP Ryan Kraemer
|
Batting: SHB Josif Popovski
|
0-0: Ball 1-0: Called Strike 1-1: Ball 2-1: Ball 3-1: Foul Ball, location: 2F 3-2: Base on Balls
|
Batting: LHB Edgar Quinto
|
0-0: Called Strike Josif Popovski steals 2nd, throwing error, E2 Josif Popovski to third 0-1: Foul Ball, location: 2F 0-2: Fly out, F9 (Flyball, 9S, EV 91.9 MPH)
|
Batting: RHB Alistair Holmes
|
0-0: Called Strike 0-1: Ball 1-1: Ball 2-1: Fly out, F9 (Flyball, 89M, EV 93.8 MPH) Runner from 3rd tags up, SCORES, throw by RF
|
Batting: SHB Derek Weaver
|
0-0: Called Strike 0-1: SOLO HOME RUN (Flyball, 89XD, EV 115.0 MPH), Distance : 441 ft
|
Batting: RHB John Garland
|
0-0: Ball 1-0: Foul Ball, location: 2F 1-1: Foul Ball, location: 2F 1-2: Ball 2-2: SINGLE (Groundball, 6MD, EV 98.1 MPH)
|
Pitching: RHP Blake Rhoderick
|
|
Batting: SHB Shafeeq bin Haytham
|
0-0: Ball 1-0: Swinging Strike 1-1: Foul Ball, location: 2F 1-2: Foul Ball, location: 2F 1-2: Ground out 4-3 (Groundball, 34, EV 99.4 MPH)
|
Top of the 6th over - 2 runs, 2 hits, 1 error, 1 left on base; Trois-Riveres 2 - Winnipeg 7 |
BOTTOM OF THE 6TH |
Winnipeg Goldeyes batting - Pitching for Trois-Riveres Aigles : RHP Andrew Wilson
|
Batting: RHB Justin Palko
|
0-0: Foul Ball, location: 2F 0-1: Ball 1-1: Ball 2-1: Called Strike 2-2: Strikes out swinging
|
Batting: RHB Mike Berzins
|
0-0: Foul Ball, location: 2F 0-1: Foul Ball, location: 2F 0-2: Ground out 6-3 (Groundball, 6M, EV 98.8 MPH)
|
Batting: SHB Rodrigo Mendoza
|
0-0: Called Strike 0-1: Foul Ball, location: 2F 0-2: Ball 1-2: Ball 2-2: Foul Ball, location: 2F 2-2: Foul Ball, location: 2F 2-2: Ball 3-2: Ground out 6-3 (Groundball, 4MD, EV 99.4 MPH)
|
Bottom of the 6th over - 0 runs, 0 hits, 0 errors, 0 left on base; Trois-Riveres 2 - Winnipeg 7 |
TOP OF THE 7TH |
Trois-Riveres Aigles batting - Pitching for Winnipeg Goldeyes : RHP Blake Rhoderick
|
Batting: SHB Paul Dupuis
|
0-0: Foul Ball, location: 2F 0-1: Ball 1-1: Foul Ball, location: 2F 1-2: Ball 2-2: Fly out, F8 (Line Drive, 8RM, EV 111.2 MPH)
|
Batting: RHB Danny Mota
|
0-0: Ball 1-0: Ball 2-0: Foul Ball, location: 2F 2-1: Fly out, F7 (Flyball, 7, EV 91.2 MPH)
|
Batting: SHB Aaron Ruscigno
|
0-0: Called Strike 0-1: Called Strike 0-2: Foul Ball, location: 2F 0-2: Ball 1-2: Strikes out swinging
|
Top of the 7th over - 0 runs, 0 hits, 0 errors, 0 left on base; Trois-Riveres 2 - Winnipeg 7 |
BOTTOM OF THE 7TH |
Winnipeg Goldeyes batting - Pitching for Trois-Riveres Aigles : RHP Andrew Wilson
|
Batting: SHB Victor Turrubiate
|
0-0: Swinging Strike 0-1: Swinging Strike 0-2: Foul Ball, location: 2F 0-2: Ball 1-2: Ball 2-2: Ground out 2-3 (Groundball, 13S, EV 69.4 MPH)
|
Pitching: RHP Corey Adkins
|
|
Batting: SHB Tim Lloyd
|
0-0: Called Strike 0-1: Ball 1-1: Ball 2-1: Ball 3-1: Foul Ball, location: 2F 3-2: Base on Balls
|
Batting: RHB Itocravo Arrochela
|
0-0: Ball 1-0: Called Strike 1-1: Swinging Strike 1-2: Ball 2-2: Foul Ball, location: 2F 2-2: Strikes out swinging
|
Batting: RHB Mitsuhiro Kobayashi
|
0-0: Foul Ball, location: 2F 0-1: Ball 1-1: Foul Ball, location: 2F 1-2: Ball 2-2: Fielders Choice at 2nd, 5-4 (Groundball, 56, EV 81.2 MPH)
|
Bottom of the 7th over - 0 runs, 0 hits, 0 errors, 1 left on base; Trois-Riveres 2 - Winnipeg 7 |
TOP OF THE 8TH |
Trois-Riveres Aigles batting - Pitching for Winnipeg Goldeyes : RHP Blake Rhoderick
|
Batting: SHB Josif Popovski
|
0-0: Called Strike 0-1: Foul Ball, location: 2F 0-2: Ball 1-2: Ground out 4-3 (Groundball, 4, EV 103.8 MPH)
|
Batting: LHB Edgar Quinto
|
0-0: Ball 1-0: Called Strike 1-1: Foul Ball, location: 2F 1-2: Ball 2-2: Strikes out looking
|
Batting: RHB Alistair Holmes
|
0-0: Called Strike 0-1: SINGLE (Groundball, 6, EV 96.2 MPH)
|
Batting: SHB Derek Weaver
|
0-0: Ball 1-0: Called Strike 1-1: Swinging Strike 1-2: Ball 2-2: Foul Ball, location: 2F 2-2: Strikes out swinging
|
Top of the 8th over - 0 runs, 1 hit, 0 errors, 1 left on base; Trois-Riveres 2 - Winnipeg 7 |
BOTTOM OF THE 8TH |
Winnipeg Goldeyes batting - Pitching for Trois-Riveres Aigles : RHP Corey Adkins
|
Batting: RHB Yu-zeng Mai
|
0-0: Ball 1-0: Ball 2-0: Foul Ball, location: 2F 2-1: Called Strike 2-2: Foul Ball, location: 2F 2-2: Fly out, F7 (Line Drive, 7, EV 91.9 MPH)
|
Batting: SHB Andy Ehrsam
|
0-0: Called Strike 0-1: Called Strike 0-2: Strikes out swinging
|
Batting: RHB Justin Palko
|
0-0: Ball 1-0: Ball 2-0: Ball 3-0: Swinging Strike 3-1: Called Strike 3-2: Strikes out swinging
|
Bottom of the 8th over - 0 runs, 0 hits, 0 errors, 0 left on base; Trois-Riveres 2 - Winnipeg 7 |
TOP OF THE 9TH |
Trois-Riveres Aigles batting - Pitching for Winnipeg Goldeyes : RHP Blake Rhoderick
|
Batting: RHB John Garland
|
0-0: SINGLE (Flyball, 89S, EV 100.0 MPH)
|
Pinch Hitting: RHB Christopher Arnett
|
0-0: Fly out, F8 (Flyball, 8LXD, EV 96.2 MPH)
|
Pinch Hitting: RHB Micah Logan
|
0-0: Ball 1-0: Swinging Strike 1-1: Swinging Strike 1-2: Ball 2-2: Strikes out swinging
|
Pitching: RHP Chris Buschke
|
|
Batting: RHB Danny Mota
|
0-0: Called Strike 0-1: Foul Ball, location: 2F 0-2: Strikes out swinging
|
Top of the 9th over - 0 runs, 1 hit, 0 errors, 1 left on base; Trois-Riveres 2 - Winnipeg 7 |
|